 Dungeon Crawl Stone Soup version 0.16.1-28-gcc2312f (webtiles) character file.

24 DevDT the Insei (level 3, -5/23 HPs)
             Began as an Octopode Transmuter on June 1, 2015.
             Slain by a hound (6 damage)
             ... on level 1 of the Dungeon.
             The game lasted 00:02:56 (1631 turns).

DevDT the Insei (Octopode Transmuter)               Turns: 1631, Time: 00:02:56

Health: -5/23      AC:  1    Str:  9    XL:     3   Next: 2%
Magic:  0/6        EV: 12    Int: 15    God:
Gold:   37         SH:  0    Dex: 13    Spells: 2 memorised, 3 levels left

rFire  . . .     SeeInvis .     b - 25 arrows
rCold  . . .     Clarity  .     (no shield)
rNeg   . . .     SustAb   .     (helmet restricted)
rPois  .         Gourm    .     (no amulet)
rElec  .         Spirit   .     (no ring)
rCorr  .         Warding  .     (no ring)
rMut   .         Stasis   .     (no ring)
MR     .....                    (no ring)
Stlth  ++........               (no ring)
                                (no ring)
                                (no ring)
                                (no ring)

@: appendage, not resistant to hostile enchantments, unstealthy
A: almost no armour, amphibious, 8 rings, constrict 8, tentacle spike 3,
camouflage 1, gelatinous body 1
a: End Transformation


You were on level 1 of the Dungeon.
You were not hungry.
One of your tentacles had a temporary spike.
You visited 1 branch of the dungeon, and saw 1 of its levels.

You collected 37 gold pieces.

Inventory:

Missiles
 b - 25 arrows (in tentacle)
Potions
 c - a potion of curing {unknown}
 e - a potion of agility {unknown}
 g - a potion of experience {unknown}
 i - a potion of invisibility {unknown}
Books
 d - a book of Changes

   Spells                             Type                      Level
   a - Beastly Appendage              Transmutation                1
   b - Sticks to Snakes               Transmutation                2
   c - Spider Form                    Transmutation/Poison         3
   d - Ice Form                       Ice/Transmutation            4
   e - Blade Hands                    Transmutation                5
Comestibles
 a - 2 bread rations
 f - 2 chunks of flesh
 h - 2 meat rations


   Skills:
 - Level 1.0 Fighting
 - Level 2.0 Dodging
 - Level 3.0 Unarmed Combat
 + Level 2.4 Spellcasting
 - Level 3.0 Transmutations


You had 3 spell levels left.
You knew the following spells:

 Your Spells              Type           Power        Failure   Level  Hunger
a - Beastly Appendage     Trmt           ##....       8%          1    #......
b - Sticks to Snakes      Trmt           ##........   12%         2    ###....


Dungeon Overview and Level Annotations

Branches:
Dungeon (1/15)

Altars:


Innate Abilities, Weirdness & Mutations

You cannot wear most types of armour.
You are amphibious.
You can wear up to eight rings at the same time.
You can use your tentacles to constrict many enemies at once.
Your skin changes colour to match your surroundings (Stealth).
Your rubbery body absorbs attacks (AC +1).
One of your tentacles bears a large vicious spike.


Message History

The hound is moderately wounded.
The hound bites you.
* * * LOW HITPOINT WARNING * * *
Your ball python bites the hound.
Your ball python constricts the hound.
The hound barely misses you.
Your ball python bites the hound but does no damage.
Your ball python constricts the hound.
You clumsily bash the hound but do no damage.
You squeeze the hound.
The hound is severely wounded.
The hound bites you.
* * * LOW HITPOINT WARNING * * *
Your ball python bites the hound.
Your ball python constricts the hound.
The hound bites your ball python.
Your ball python dies!
The hound barks!
Casting: Beastly Appendage
Confirm with . or Enter, or press ? or * to list all spells.
You create a snake!
The hound bites you.
You die...

. #..##....# #.
#..##..#.# #.
#..##..#.# #. ###
#........# .. ..#
#...)..... #. #.#
#####.#### #. #.# #.#
#.##.###.# #.#
#..h@....# #.###
####.##### #...#
##..S..## ##..#
####...#...#######...##
+.......###...........)
####....# #.######...##
##.#.###.# ##..#
#.#....## ##.# #......#
#.#


You could see a hound and a friendly ball python.

Vanquished Creatures
  2 giant geckos (D:1)
  3 hobgoblins (D:1)
  2 jackals (D:1)
  A bat (D:1)
  2 giant newts (D:1)
  6 goblins (D:1)
  2 kobolds (D:1)
18 creatures vanquished.

Vanquished Creatures (collateral kills)
  2 jackals (D:1)
  A kobold (D:1)
3 creatures vanquished.

Grand Total: 21 creatures vanquished

Notes
Turn   | Place    | Note
--------------------------------------------------------------
     0 | D:1      | DevDT, the Octopode Transmuter, began the quest for the Orb.
     0 | D:1      | Reached XP level 1. HP: 13/13 MP: 3/3
   393 | D:1      | Reached XP level 2. HP: 12/18 MP: 2/4
   566 | D:1      | Learned a level 2 spell: Sticks to Snakes
  1578 | D:1      | Reached XP level 3. HP: 21/23 MP: 4/6
  1630 | D:1      | HP: 1/23 [hound (4)]
  1631 | D:1      | Slain by a hound

Action                   || total
-------------------------++-------
Melee: Unarmed           ||    21
 Cast: Beastly Appendage ||    15
       Sticks to Snakes  ||     9
  Eat: Chunk             ||     3
